 Dungeon Crawl Stone Soup version 0.19.5 (console) character file.

6729 Dingbat the Geomancer (level 11, -15/68 HPs)
             Began as a Formicid Earth Elementalist on Apr 16, 2017.
             Was a Priest of Nemelex Xobeh.
             Demolished by a black mamba (16 damage)
             ... on level 2 of the Lair of Beasts.
             The game lasted 00:36:12 (11081 turns).

Dingbat the Geomancer (FoEE)                       Turns: 11081, Time: 00:36:12

Health: -15/68     AC:  9    Str: 14    XL:     11   Next: 24%
Magic:  1/33       EV: 11    Int: 19    God:    Nemelex Xobeh [***...]
Gold:   504        SH:  0    Dex: 11    Spells: 8 memorised, 3 levels left

rFire  + . .     SeeInvis +     a - +3 short sword (venom)
rCold  + . .     Gourm    .     d - +3 leather armour {MR+}
rNeg   . . .     Faith    .     (no shield)
rPois  .         Spirit   .     (helmet unavailable)
rElec  .         Reflect  .     r - +1 cloak
rCorr  .         Harm     .     N - +0 pair of gloves
MR     ++...                    (no boots)
Stlth  ++........               (no amulet)
                                x - ring of protection from cold
                                y - ring of magical power

@: lethally poisoned (-15 -> -30)
A: permanent stasis, dig shafts and tunnels, four strong arms, antennae 3,
clever 1, fire resistance 1
a: Dig, Shaft Self, Triple Draw, Renounce Religion


You were on level 2 of the Lair of Beasts.
You worshipped Nemelex Xobeh.
Nemelex Xobeh was most pleased with you.
You were near starving.

You visited 3 branches of the dungeon, and saw 15 of its levels.

You collected 625 gold pieces.
You spent 121 gold pieces at shops.

Inventory:

Hand Weapons
 a - a +3 short sword of venom (weapon)
 m - a +0 hand axe
Missiles
 b - 160 stones
 l - 73 bolts
 o - 6 javelins (quivered)
 q - 35 poisoned needles
Armour
 c - a +0 robe
 d - a +3 leather armour of magic resistance (worn)
 r - a +1 cloak (worn)
 N - a +0 pair of gloves (worn)
Jewellery
 x - a ring of protection from cold (right hand)
 y - a ring of magical power (left hand)
 A - an uncursed ring of protection from fire
 J - an uncursed ring of protection from fire
 R - an uncursed ring of magical power
Wands
 D - a wand of random effects (24/48)
 L - a wand of flame (19/48)
 P - a wand of iceblast (8/15)
Scrolls
 g - 3 scrolls of noise
 h - 6 scrolls of remove curse
 v - 4 scrolls of amnesia
 Q - a scroll of fear
Potions
 j - a potion of cure mutation
 k - 6 potions of curing
 n - 3 potions of might
 t - 4 potions of brilliance
 u - a potion of mutation
 B - 2 potions of heal wounds
 C - a potion of agility
 E - a potion of invisibility
 G - a potion of haste
 H - 2 potions of flight
Books
 e - a book of Geomancy

   Spells                             Type                      Level
   a - Sandblast                      Earth                        1
   b - Passwall                       Transmutation/Earth          2
   c - Stone Arrow                    Conjuration/Earth            3
   d - Petrify                        Transmutation/Earth          4
   e - Lee's Rapid Deconstruction     Earth                        5
 K - a book of Flames

   Spells                             Type                      Level
   a - Flame Tongue                   Conjuration/Fire             1
   b - Throw Flame                    Conjuration/Fire             2
   c - Conjure Flame                  Conjuration/Fire             3
   d - Inner Flame                    Hexes/Fire                   3
   e - Sticky Flame                   Conjuration/Fire             4
   f - Fireball                       Conjuration/Fire             5
Miscellaneous
 s - an ornate deck of escape
 F - a plain deck of summoning {drawn: 1}
 I - a plain deck of destruction {drawn: 1}
 M - a plain deck of destruction {drawn: 1}
 O - an ornate deck of summoning
 T - an ornate deck of summoning
Comestibles
 f - 4 beef jerkies
 i - 5 bread rations
 p - 2 meat rations
 w - a slice of pizza
 z - 8 royal jellies
 S - 5 chunks of flesh


   Skills:
 - Level 6.1 Short Blades
 - Level 1.7 Dodging
 - Level 2.4 Stealth
 - Level 9.1 Spellcasting
 - Level 3.1 Conjurations
 - Level 3.0 Transmutations
 * Level 4.7 Fire Magic
 + Level 9.2 Earth Magic
 + Level 9.2 Invocations


You had 3 spell levels left.
You knew the following spells:

 Your Spells              Type           Power        Failure   Level  Hunger
a - Sandblast             Erth           #####.       1%          1    None
b - Passwall              Tmut/Erth      ####......   1%          2    None
c - Stone Arrow           Conj/Erth      ####..       2%          3    None
d - Lee's Rapid Deconstr  Erth           #####.....   8%          5    #####..
e - Petrify               Tmut/Erth      ####....     12%         4    ###....
f - Conjure Flame         Conj/Fire      ###.....     8%          3    None
g - Inner Flame           Hex/Fire       ###.....     14%         3    None
h - Sticky Flame          Conj/Fire      ###.....     21%         4    ###....


Dungeon Overview and Level Annotations

Branches:
Dungeon (11/15)            Temple (1/1) D:6            Lair (3/6) D:9
  Swamp: Lair:2-4    Shoals: Lair:2-4     Snake: Lair:2-4    Spider: Lair:2-4
    Orc: D:9-12

Altars:
Ashenzari
Cheibriados
Dithmenos
Elyvilon
Fedhas
Gozag
Hepliaklqana
Kikubaaqudgha
Makhleb
Nemelex Xobeh
Okawaru
Qazlal
Ru
Sif Muna
Trog
Uskayaw
Vehumet
Xom
Yredelemnul
Zin
The Shining One

Shops:
D:7 [

Annotations:
D:1 exclusion: downstairs
D:2 exclusion: downstairs
D:3 HolyRage's ghost, amateur HOBe
D:4 exclusion: downstairs
D:10 exclusion: downstairs
Lair:1 exclusion: downstairs
Lair:2 exclusion: elephant, Gastronok


Innate Abilities, Weirdness & Mutations

You are under a permanent stasis effect.
You can dig through walls and to a lower floor.
Your four strong arms can wield two-handed weapons with a shield.
You have a pair of large antennae on your head. (SInv)
Your mind is acute. (Int +2)
Your flesh is heat resistant. (rF+)


Message History

You hear an angry buzzing noise.
You hear a screech!
The bullfrog hits you.
* * * LOW HITPOINT WARNING * * *
Unknown command.
You feel better.
The wolf stops to sniff the ground.
The wolf bites you but does no damage. The bullfrog hits you.
* * * LOW HITPOINT WARNING * * *
The wolf misses you.
The bullfrog hits you but does no damage.
The black mamba bites you!
* * * LOW HITPOINT WARNING * * *
You are lethally poisoned!
The black mamba poisons you! The wolf bites you.
* * * LOW HITPOINT WARNING * * *
Gastronok the Ponderous comes into view.
* * * LOW HITPOINT WARNING * * *
You feel sick. The black mamba barely misses you. The black mamba bites you!
You die...
Your body disappears without a glow.

##
##.....##{.....##.#....
.##
##.+#.####..#..<......
... { ##...##
#............ h
##....†#####...........
.#
#.8.>.8..†Y.{.......... #
##....§.Y.#.#....%.....
#..8..yY####.#..#...#.
..#######S§.##w.#.#.#.##.
.......<@F............#
P#P##.#..h...##.#.##... #
##.#.####.... .#. #....#
#.# { #.#.#.. ........
#.....#.. .........


You could see Gastronok, 3 elephants, a black mamba, a vampire mosquito, a wolf
and a bullfrog.

Vanquished Creatures
  An unseen horror (D:10)
  A troll (D:10)
  A two-headed ogre (D:10)
  4 blink frogs
  2 hippogriffs
  A shadow (D:10)
  Sigmund (D:3)
  A wyvern (D:8)
  A hungry ghost (D:11)
  A vampire mosquito (Lair:2)
  A water moccasin (D:7)
  A porcupine (Lair:1)
  An orc warrior (D:10)
  4 ice beasts
  2 black bears (D:6)
  An eye of draining (D:10)
  2 ogres
  2 necrophages (D:6)
  A wolf (Lair:2)
  2 crocodiles
  3 centaurs
  5 bullfrogs
  A gnoll sergeant (D:9)
  6 scorpions
  A howler monkey (D:4)
  A crimson imp (D:7)
  A hound (D:6)
  4 jellies
  2 bullfrog skeletons
  4 orc priests
  4 orc wizards
  An iguana (D:10)
  A centaur skeleton (D:6)
  4 worker ants
  A killer bee zombie (D:7)
  A hound zombie (D:6)
  A hound skeleton (D:9)
  A worker ant zombie (D:6)
  7 gnolls
  10 adders
  A shadow imp (D:6)
  8 oozes
  3 worms
  3 dart slugs (D:1)
  6 leopard geckos
  31 orcs
  8 bats
  6 giant cockroaches
  7 goblins
  11 hobgoblins
  10 jackals
  5 kobolds
  2 ball pythons
  5 frilled lizards
  4 rats
  A fungus (D:9)
  A toadstool (D:1)
202 creatures vanquished.

Vanquished Creatures (collateral kills)
  A blink frog (Lair:2)
  2 chaos spawn (D:10)
  4 ice beasts
  A black bear (D:7)
  An ogre (D:10)
  A wolf (Lair:2)
  A centaur (D:10)
  A gnoll sergeant (D:6)
  An orc wizard (D:10)
  3 gnolls (D:7)
  5 orcs (D:10)
  A fungus (Lair:2)
22 creatures vanquished.

Vanquished Creatures (others)
  A kobold (D:3)
  A fungus (Lair:2)
  A plant (Lair:2)
  3 toadstools (D:1)
6 creatures vanquished.

Grand Total: 230 creatures vanquished

Notes
Turn   | Place    | Note
-------+----------+-------------------------------------------
     0 | D:1      | Dingbat the Formicid Earth Elementalist began the quest for the Orb.
     0 | D:1      | Reached XP level 1. HP: 13/13 MP: 3/3
   260 | D:1      | Reached XP level 2. HP: 19/19 MP: 0/5
  1305 | D:3      | Reached XP level 3. HP: 20/24 MP: 2/7
  1373 | D:3      | Gained mutation: Your mind is acute. (Int +2) [potion of beneficial mutation]
  1378 | D:3      | Learned a level 2 spell: Passwall
  1382 | D:3      | Learned a level 3 spell: Stone Arrow
  1739 | D:3      | Reached XP level 4. HP: 26/30 MP: 7/9
  2014 | D:3      | Noticed HolyRage's ghost (amateur HOBe)
  2128 | D:2      | Reached XP level 5. HP: 29/35 MP: 9/11
  2230 | D:2      | Found a white marble altar of Elyvilon.
  2308 | D:2      | Found a blossoming altar of Fedhas.
  2715 | D:1      | Reached skill level 1 in Conjurations
  2733 | D:1      | Reached skill level 5 in Earth Magic
  2940 | D:1      | Gained mutation: Your flesh is heat resistant. (rF+) [potion of beneficial mutation]
  3361 | D:2      | Found a stormy altar of Qazlal.
  3522 | D:3      | Learned a level 5 spell: Lee's Rapid Deconstruction
  3632 | D:3      | Noticed Sigmund
  3646 | D:3      | Killed Sigmund
  3646 | D:3      | Reached XP level 6. HP: 41/41 MP: 2/12
  3736 | D:5      | Entered Level 5 of the Dungeon
  3737 | D:5      | Noticed an ice beast
  4049 | D:3      | Reached XP level 7. HP: 32/46 MP: 9/13
  4357 | D:3      | Found a sparkling altar of Nemelex Xobeh.
  4364 | D:3      | Became a worshipper of Nemelex Xobeh the Trickster
  4460 | D:3      | Received a gift from Nemelex Xobeh
  4697 | D:4      | Reached skill level 1 in Short Blades
  4838 | D:4      | Reached skill level 1 in Invocations
  5174 | D:4      | Found a hide-covered altar of Uskayaw.
  5240 | D:4      | You fall through a shaft!
  5276 | D:5      | Received a gift from Nemelex Xobeh
  5440 | D:5      | Reached * piety under Nemelex Xobeh
  5493 | D:6      | Reached XP level 8. HP: 51/52 MP: 14/14
  5631 | D:6      | Found a burning altar of Makhleb.
  5637 | D:6      | Noticed a green death
  5897 | D:6      | Found a bloodstained altar of Trog.
  5908 | D:6      | Reached skill level 5 in Short Blades
  5962 | D:6      | Received a gift from Nemelex Xobeh
  6084 | D:6      | Found a glowing silver altar of Zin.
  6084 | D:6      | Noticed an angel
  6152 | D:6      | Reached XP level 9. HP: 55/57 MP: 15/15
  6158 | D:6      | Learned a level 4 spell: Petrify
  6411 | D:7      | Reached skill level 5 in Invocations
  6425 | D:7      | Reached skill level 5 in Spellcasting
  6920 | D:7      | Found an opulent altar of Gozag.
  7421 | D:8      | Reached ** piety under Nemelex Xobeh
  7448 | D:8      | Received a gift from Nemelex Xobeh
  7547 | D:9      | Found a staircase to the Lair.
  7566 | Lair:1   | Entered Level 1 of the Lair of Beasts
  7589 | D:10     | Entered Level 10 of the Dungeon
  7599 | D:10     | Noticed an unseen horror
  7611 | D:10     | Killed an unseen horror
  7611 | D:10     | Reached XP level 10. HP: 54/63 MP: 21/21
  8027 | D:10     | Found a shimmering altar of Xom.
  9019 | D:8      | Learned a level 3 spell: Conjure Flame
  9023 | D:8      | Learned a level 3 spell: Inner Flame
  9028 | D:8      | Learned a level 4 spell: Sticky Flame
  9087 | D:8      | Reached skill level 1 in Fire Magic
  9113 | D:8      | Received a gift from Nemelex Xobeh
  9251 | D:9      | Reached *** piety under Nemelex Xobeh
  9371 | D:9      | Found a shadowy altar of Dithmenos.
  9387 | D:9      | Received a gift from Nemelex Xobeh
  9956 | D:7      | Found Ogisot's Antique Armour Shoppe.
 10175 | D:7      | Bought a pair of gloves for 121 gold pieces
 10339 | D:6      | Found a staircase to the Ecumenical Temple.
 10346 | Temple   | Entered the Ecumenical Temple
 10494 | D:6      | Found a sacrificial altar of Ru.
 10896 | Lair:1   | Reached XP level 11. HP: 68/68 MP: 24/24
 10969 | Lair:2   | Received a gift from Nemelex Xobeh
 11007 | Lair:2   | Noticed an elephant
 11071 | Lair:2   | Noticed an elephant
 11071 | Lair:2   | Noticed an elephant
 11072 | Lair:2   | Noticed an elephant
 11080 | Lair:2   | HP: 3/68 [black mamba (15)]
 11081 | Lair:2   | Noticed Gastronok
 11081 | Lair:2   | HP: 1/68 [poisoned by a black mamba]
 11081 | Lair:2   | Demolished by a black mamba

Skill      XL: |  1  2  3  4  5  6  7  8  9 10 11 |
---------------+----------------------------------+-----
Spellcasting   | 3 4 7 9 |  9.1
Earth Magic    | 4 5 6 7 8 9 |  9.2
Conjurations   | 3 |  3.1
Transmutations | 2 3 |  3.0
Short Blades   | 3 5 6 |  6.1
Invocations    | 2 4 7 8 9 |  9.2
Fire Magic     | 2 4 |  4.7
Dodging        | |  1.7
Stealth        | |  2.4

Action                   |  1- 3 |  4- 6 |  7- 9 | 10-12 || total
-------------------------+-------+-------+-------+-------++-------
Melee: Unarmed           |     6 |       |       |       ||     6
       Hand axe          |     4 |    57 |       |       ||    61
       Short sword       |       |     4 |    92 |    38 ||   134
Throw: Javelin           |       |       |       |     5 ||     5
 Cast: Sandblast         |    42 |    85 |   122 |    30 ||   279
       Stone Arrow       |       |     2 |     7 |    55 ||    64
       Lee's Rapid Decon |       |       |       |    11 ||    11
       Sticky Flame      |       |       |       |     3 ||     3
 Abil: Dig               |     1 |     2 |     2 |     7 ||    12
Evoke: Deck              |       |       |     3 |     4 ||     7
  Use: Scroll            |     4 |     6 |     9 |     6 ||    25
       Potion            |     1 |     2 |       |     1 ||     4
 Stab: Sleeping          |       |     1 |       |       ||     1
  Eat: Bread ration      |     1 |       |       |       ||     1
       Chunk             |       |     5 |    12 |     5 ||    22
       Royal jelly       |       |       |       |     3 ||     3
       Fruit             |       |       |       |     3 ||     3
       Pizza             |       |       |       |     1 ||     1
Armor: Robe              |     6 |       |       |       ||     6
       Leather armour    |     5 |    37 |    57 |    29 ||   128
       Skin              |       |     2 |       |       ||     2
Dodge: Dodged            |    36 |    61 |    71 |    38 ||   206
